Map: Blackburn LE

Players

PartinG

  • Race: Protoss Protoss
  • League: Master

Serral - Winner!

  • Race: Zerg Zerg

Event: ASUS ROG Fall 2021

VOD

Have the link to the VOD?

Description

Time

  • Played on: Sept. 18, 2021, 12:12 p.m.
  • Length: 2:50

All games in this series

Show
View Real Time Build Order
Export as new Build Order

PartinG Protoss 

Build Orders:  

Get SALT Encoding   

  12  0:00  Probe  
  13  0:12  Probe  
  14  0:24  Probe  
  14  0:26  Pylon  
  15  0:44  Gateway  
  15  0:46  Gateway  
  15  0:50  Probe  
  16  1:01  Forge  
  16  1:05  Probe  
  17  1:14  Pylon  
  17  1:31  Zealot (Chrono Boost)  
  17  1:32  Zealot (Chrono Boost)  
  21  1:44  Photon Cannon  
  21  1:45  Photon Cannon  
  21  2:03  Zealot (Chrono Boost)  
  21  2:04  Probe  
  25  2:10  Zealot (Chrono Boost)  
  25  2:12  Pylon  
  25  2:16  Assimilator, Probe  
  25  2:17  Assimilator  
  26  2:28  Probe  
Show
View Real Time Build Order
Export as new Build Order

Serral Zerg - Winner!

Build Orders: Hatch First 

Get SALT Encoding   

  12  0:01  Drone  
  13  0:12  Overlord  
  13  0:17  Drone  
  14  0:31  Drone x2  
  16  0:49  Hatchery  
  15  0:52  Drone  
  15  0:55  Drone  
  17  1:10  Spawning Pool  
  16  1:12  Drone  
  16  1:14  Extractor  
  16  1:17  Drone  
  17  1:23  Drone  
  19  1:57  Zergling x6  
  22  2:02  Zergling x2  
  22  2:03  Queen  
  25  2:09  Zergling x2  
  25  2:12  Zergling x2  
  27  2:21  Overlord  
  27  2:22  Zergling x2  
  28  2:44  Extractor  
Tags
 
Add a new tag
Caveats
  • Supply blocks, unpowered buildings, or Contaminate may cause inaccurate times.
  • Supply counts are checked every 10 seconds.